 Dungeon Crawl Stone Soup version 0.30-a0-137-gd8773701ce (webtiles) character file.

Game seed: 14027157859660084198

2096 porpoise the Spear-Bearer (level 9, -1/69 (71) HPs)
             Began as a Demonspawn Gladiator on Sept 23, 2022.
             Was an Initiate of Yredelemnul.
             Slain by a wyvern (15 damage)
             ... on level 7 of the Dungeon.
             The game lasted 00:19:02 (5163 turns).

porpoise the Spear-Bearer (Demonspawn Gladiator)    Turns: 5163, Time: 00:19:03

HP:   -1/69 (71)    AC:  8    Str: 19    XL:     9   Next: 7%
MP:   12/12         EV: 11    Int: 10    God:    Yredelemnul [......]
Gold: 426           SH:  0    Dex: 14    Spells: 8/8 levels left

rFire   . . .      SeeInvis .    a - +0 trident
rCold   . . .      Faith    +    (no shield)
rNeg    . . .      Spirit   .    l - +0 ring mail
rPois   .          Reflect  .    c - +0 helmet
rElec   .          Harm     .    (no cloak)
rCorr   .          Rampage  .    (no gloves)
Will    .....                    (no boots)
Stlth   +.........               u - amulet of faith
HPRegen 0.21/turn                (no ring)
MPRegen 0.13/turn                (no ring)

@: lightly drained
A: hooves 1, yellow scales 1, powered by death 1, spiny 2, inability to drink
after injury 1
a: Renounce Religion, Recall Undead Harvest


You were on level 7 of the Dungeon.
You worshipped Yredelemnul.
Yredelemnul was noncommittal.
You visited 2 branches of the dungeon, and saw 8 of its levels.

You collected 426 gold pieces.

Inventory:

Hand Weapons
 a - a +0 trident (weapon)
Missiles
 d - 3 throwing nets
 e - a javelin
 i - 6 datura-tipped darts
 n - 7 boomerangs (quivered)
 p - 2 atropa-tipped darts
Armour
 c - a +0 helmet (worn)
 l - a +0 ring mail (worn)
Jewellery
 u - an amulet of faith (around neck)
 x - an amulet of guardian spirit
Scrolls
 b - a scroll of summoning
 f - 2 scrolls of noise
 h - a scroll of teleportation {unknown}
 k - a scroll of fear {unknown}
 m - a scroll of butterflies {unknown}
 q - a scroll of vulnerability {unknown}
 r - a scroll of magic mapping
 s - a scroll of blinking {unknown}
 t - a scroll of amnesia {unknown}
 y - a scroll of immolation {unknown}
 z - a scroll of poison {unknown}
 B - a scroll of silence {unknown}
Potions
 g - a potion of flight
 j - a potion of curing
 o - a potion of attraction
 v - a potion of cancellation
 w - a potion of brilliance {unknown}
 A - a potion of lignification {unknown}
 C - a potion of magic {unknown}


   Skills:
 + Level 6.8 Fighting
 * Level 9.1 Polearms
 - Level 1.7 Throwing
 - Level 2.6 Dodging
 + Level 4.1 Invocations


You had 8 spell levels left.
You didn't know any spells.
Your spell library contained the following spells:

 Spells                   Type           Power      Damage    Failure   Level
 Freeze                   Ice            0%         1d3       54%         1
 Confusing Touch          Hex            0%         N/A       89%         3
 Dazzling Flash           Conj/Hex       0%         N/A       89%         3
 Frozen Ramparts          Ice            0%         1d1       89%         3
 Hailstorm                Conj/Ice       0%         3d3       100%        4
 Agony                    Necr           0%         N/A       100%        5
 Silence                  Hex/Air        0%         N/A       100%        5
 Yara's Violent Unravell  Hex/Tmut       0%         3d3       100%        5
 Enfeeble                 Hex            0%         N/A       100%        7


Dungeon Overview and Level Annotations

Branches:
Dungeon (7/15)             Temple (1/1) D:5

Altars:
Ashenzari
Cheibriados
Dithmenos
Fedhas
Gozag
Hepliaklqana
Kikubaaqudgha
Nemelex Xobeh
Okawaru
Qazlal
Sif Muna
Wu Jian
Xom
Yredelemnul


Innate Abilities, Weirdness & Mutations

You have large cloven feet.
You are partially covered in yellow scales. (AC +2)
You regenerate a little health from kills.
You are mostly covered in sharp spines.
You occasionally lose the ability to drink potions when taking damage.


Message History

You aren't carrying any items that you can evoke.
Okay, then.
Okay, then.
You feel better.
Your killer bee zombie closely misses the wight.
Your killer bee zombie hits the wight but does no damage.
An orc warrior comes into view. It is wielding a +0 dire flail.
Your spectral white imp hits the wight but does no damage.
The wight hits your killer bee zombie with a +0 spear.
The kobold brigand is struck by your spines.
The kobold brigand misses you.
A gnoll comes into view. It is wielding a +0 club.
The kobold brigand attacks as you move away!
The kobold brigand hits you but does no damage.
Your killer bee zombie barely misses the wight.
Your spectral white imp hits the wight but does no damage.
The wight hits your killer bee zombie with a +0 spear.
Your killer bee zombie is destroyed!
The kobold brigand attacks as you move away!
The kobold brigand is struck by your spines.
The kobold brigand hits you with a +0 dagger.
* * * LOW HITPOINT WARNING * * *
The kobold brigand throws a poisoned dart.
The poisoned dart misses you.
You are too injured to fight recklessly!
Reach: a) +0 trident
Press: ? - help, Dir - move target, f - wyvern, p - kobold brigand
Aim: a wyvern (about 35% to evade your +0 trident)
You reach to attack!
You puncture the wyvern!
The wyvern is moderately wounded.
The wyvern is struck by your spines. The wyvern barely misses you.
Unknown command.
You hit the wyvern. You kick the wyvern, but do no damage.
The wyvern is severely wounded.
The wyvern is struck by your spines. The wyvern closely misses you.
You hit the wyvern.
The wyvern is almost dead.
The wyvern bites you!
You die...
Your body rises from the dead as a mindless zombie.

.[. #.#..# .
#.###....#
##.##.....##.# #
..o.Z.)#..##.# #
#..).z.#..# #
#.#..So...### #
#...##K.....# #
....#. #l#.##.# #
..#..#. #@#.##.#
###### +... #.
#...##.# #..... ...
.. #.####.# #.####
... ## #.## #.#
#.#### #..###.#
#.##.#
####......######.#...
+....................
#.#####.########.#...
# #.# #.##.#


You could see an orc warrior, a water moccasin, a wyvern, a kobold brigand and a
wight.

Vanquished Creatures
  2 water moccasins (D:7)
  A sky beast (D:6)
  An ogre (D:6)
  A centaur (D:7)
  A phantom (D:5)
  A bullfrog (D:6)
  2 scorpions
  A wight (D:7)
  10 killer bees
  A howler monkey (D:7)
  3 hounds
  5 orc priests
  Terence (D:3)
  6 iguanas
  4 orc wizards
  A gnoll (D:1)
  8 adders
  2 ufetubi
  12 orcs
  8 ball pythons
  A bat (D:1)
  5 endoplasms
  5 giant cockroaches
  5 goblins
  7 hobgoblins
  8 jackals
  5 quokkas
  3 frilled lizards (D:1)
  6 kobolds
  2 rats (D:1)
118 creatures vanquished.

Vanquished Creatures (collateral kills)
  A sky beast (D:7)
  A howler monkey (D:7)
  An adder (D:6)
  A white imp (D:7)
  An orc (D:7)
  A rat (D:3)
6 creatures vanquished.

Vanquished Creatures (others)
  2 water moccasin zombies (D:7)
  A bullfrog zombie (D:6)
  3 killer bee zombies (D:7)
  A hound zombie (D:7)
  A howler monkey zombie (D:7)
  3 orc zombies (D:7)
  A spectral ufetubus (D:7)
12 creatures vanquished.

Grand Total: 136 creatures vanquished

Notes
Turn   | Place    | Note
-------+----------+-------------------------------------------
     0 | D:1      | porpoise the Demonspawn Gladiator began the quest for the
                  | Orb.
     0 | D:1      | Reached XP level 1. HP: 16/16 MP: 1/1
    81 | D:1      | Reached skill level 3 in Polearms
    88 | D:1      | Gained mutation: You regenerate a little health from kills.
                  | [demonic ancestry]
    88 | D:1      | Reached XP level 2. HP: 8/23 MP: 2/2
   163 | D:1      | Found a faded altar of an unknown god.
   340 | D:1      | Gained mutation: You are partially covered in sharp spines.
                  | [demonic ancestry]
   340 | D:1      | Reached XP level 3. HP: 20/28 MP: 3/3
   983 | D:2      | Reached skill level 4 in Polearms
  1043 | D:2      | Gained mutation: You are mostly covered in sharp spines.
                  | [demonic ancestry]
  1043 | D:2      | Reached XP level 4. HP: 34/34 MP: 4/4
  1461 | D:3      | Reached XP level 5. HP: 41/41 MP: 5/5
  1555 | D:3      | Noticed Terence
  1568 | D:3      | Killed Terence
  2080 | D:3      | Reached skill level 5 in Polearms
  2334 | D:4      | Reached XP level 6. HP: 21/48 MP: 6/6
  2582 | D:4      | Gained mutation: You have sharp toenails. [potion of
                  | mutation]
  2582 | D:4      | Gained mutation: You occasionally lose the ability to drink
                  | potions when taking damage. [potion of mutation]
  2875 | D:4      | Reached skill level 6 in Polearms
  2952 | D:4      | Gained mutation: You are partially covered in yellow
                  | scales. (AC +2) [demonic ancestry]
  2952 | D:4      | Reached XP level 7. HP: 47/55 MP: 7/7
  3141 | D:5      | Entered Level 5 of the Dungeon
  3282 | D:5      | Reached skill level 5 in Fighting
  3636 | D:5      | Found a staircase to the Ecumenical Temple.
  3652 | Temple   | Entered the Ecumenical Temple
  3725 | Temple   | Became a worshipper of Yredelemnul the Dark
  3930 | D:6      | Reached skill level 7 in Polearms
  3954 | D:6      | Reached * piety under Yredelemnul
  3960 | D:6      | Lost mutation: You have sharp toenails. [demonic ancestry]
  3960 | D:6      | Gained mutation: You have large cloven feet. [demonic
                  | ancestry]
  3960 | D:6      | Reached XP level 8. HP: 50/64 MP: 8/8
  4208 | D:6      | Reached ** piety under Yredelemnul
  4369 | D:6      | Found a broken altar of Ashenzari.
  4698 | D:7      | Reached skill level 8 in Polearms
  4698 | D:7      | Reached skill level 1 in Invocations
  4704 | D:7      | Found a shadowy altar of Dithmenos.
  5145 | D:7      | Reached skill level 9 in Polearms
  5145 | D:7      | Reached XP level 9. HP: 39/71 MP: 11/11
  5163 | D:7      | Slain by a wyvern

Illustrated notes

Levels and vault maps discovered:
D:1:      lemuel_arrival_river_ford, layout_basic, basic_ecumenical_altar,
          columned_hall_lemuel, minmay_splitting_lines
D:2:      layout_loops_ring, chequers_serial_rivers_large_a
D:3:      layout_basic, uniq_terence
D:4:      layout_basic
D:5:      layout_loops_ring, temple_green
D:6:      layout_rooms, ashenzari_altar_1
D:7:      layout_loops_corners, nicolae_dithmenos_shadow_blocks,
          minmay_fractal_squares_5
Temple:   nicolae_temple_god_jail

Skill      XL: |  1  2  3  4  5  6  7  8  9 |
---------------+----------------------------+-----
Polearms       | 3 4 5 6 7 9 |  9.1
Fighting       | 3 4 5 6 |  6.8
Invocations    | 3 4 |  4.1
Throwing       | |  1.7
Dodging        | |  2.6

Action                   |  1- 3 |  4- 6 |  7- 9 || total
-------------------------+-------+-------+-------++-------
Melee: Trident           |   108 |   117 |   147 ||   372
       Kick              |       |     1 |    33 ||    34
       Punch             |       |       |     1 ||     1
Throw: Boomerang         |       |       |     2 ||     2
Invok: Dark Bargain      |       |       |     1 ||     1
  Use: Scroll            |       |     4 |     4 ||     8
       Potion            |       |     4 |     3 ||     7
Armor: Leather armour    |     8 |       |       ||     8
       Ring mail         |    20 |    31 |    32 ||    83
Dodge: Dodged            |    56 |    44 |    63 ||   163

Table legend: (Time is in decaauts)
 A = Elapsed time spent in this place.
 B = Non-inter-level travel time spent in this place.
 C = Inter-level travel time spent in this place.
 D = Time resting spent in this place.
 E = Time spent auto-exploring this place.
 F = Levels seen in this place.
 G = Mean time per level.
                   A        B        C        D        E       F      G
               +--------+--------+--------+--------+--------+-----+--------+
         Total |   5259 |   5146 |    113 |   1230 |   3009 |   8 |  657.4 |
       Dungeon |   5176 |   5072 |    104 |   1230 |   2959 |   7 |  739.4 |
        Temple |     82 |     73 |      9 |      0 |     50 |   1 |   82.0 |
               +--------+--------+--------+--------+--------+-----+--------+

Top non-repeatable levels by time:
     D:4: 960 daAuts
     D:6: 817 daAuts
     D:1: 775 daAuts
     D:3: 754 daAuts
     D:5: 697 daAuts
     D:2: 680 daAuts
     D:7: 490 daAuts
  Temple: 82 daAuts
